 Dungeon Crawl Stone Soup version 0.24-a0-434-gd57e52fea8 (webtiles) character file.

Game seed: 6308842544013889357

55 theanonym the Chopper (level 3, 0/29 HPs)
             Began as a Demonspawn Monk on June 15, 2019.
             Succumbed to an adder's poison
             ... on level 2 of the Dungeon.
             The game lasted 00:01:45 (1745 turns).

theanonym the Chopper (Demonspawn Monk)             Turns: 1745, Time: 00:01:46

Health: 0/29       AC:  3    Str: 17    XL:     3   Next: 67%
Magic:  3/3        EV: 13    Int: 11    God:
Gold:   48         SH:  0    Dex: 15    Spells: 2/2 levels left

rFire    . . .     SeeInvis .   a - +1 hand axe
rCold    . . .     Gourm    +   (no shield)
rNeg     . . .     Faith    .   b - +1 robe
rPois    .         Spirit   .   (helmet restricted)
rElec    .         Reflect  .   (no cloak)
rCorr    .         Harm     .   (no gloves)
MR       .....                  (no boots)
Stlth    ++........             k - amulet of the gourmand
HPRegen  0.09/turn              (no ring)
MPRegen  0.08/turn              (no ring)

@: mighty, lethally poisoned (0 -> -7), hasted, very quick
A: antennae 1
a: no special abilities


Innate Abilities, Weirdness & Mutations

You have a pair of small antennae on your head.


   Skills:
 - Level 3.0 Fighting
 + Level 4.3 Axes
 - Level 2.6 Dodging
 - Level 1.7 Stealth


You had 2 spell levels left.
You didn't know any spells.
Your spell library was empty.

Skill      XL: |  1  2  3 |
---------------+----------+-----
Axes           | 3 4 |  4.3
Fighting       | |  3.0
Dodging        | |  2.6
Stealth        | |  1.7

Action                   || total
-------------------------++-------
Melee: Hand axe          ||   106
  Use: Scroll            ||     5
       Potion            ||     2
 Stab: Sleeping          ||     5
  Eat: Chunk             ||     4
Armor: Robe              ||    21
Dodge: Dodged            ||    80

Inventory:

Hand Weapons
 a - a +1 hand axe (weapon)
Armour
 b - a +1 robe (worn)
Jewellery
 k - an amulet of the gourmand (around neck)
Scrolls
 n - 2 scrolls of remove curse
Comestibles
 e - 4 rations
 j - 2 chunks of flesh


You were on level 2 of the Dungeon.
You were not hungry.

You visited 1 branch of the dungeon, and saw 2 of its levels.

You collected 48 gold pieces.

Dungeon Overview and Level Annotations

Branches:
Dungeon (2/15)

Altars:

#...######
#.J#
.#..########
#..#
...........#
#..#
#.##..##.#.#
###..##
##.#........
.....#
#.##..##.##.
#?..#
........##
###...#
....#####
##.....#
....S.#
#...@.##
.####O#
#..#..# .#
#.# #..#..#
#.# #. #.!#
##.#####.#.
#..#
#........>
...#
....%..######
#.## ......##
#.# ..##..#


There were no monsters in sight!

Notes
Turn   | Place    | Note
-------+----------+-------------------------------------------
     0 | D:1      | theanonym the Demonspawn Monk began the quest for the Orb.
     0 | D:1      | Reached XP level 1. HP: 18/18 MP: 1/1
   198 | D:1      | Reached skill level 3 in Axes
   292 | D:1      | HP: 9/18 [hobgoblin/+0 club (6)]
   485 | D:1      | Gained mutation: You have a pair of small antennae on your
                  | head. [demonic ancestry]
   485 | D:1      | Reached XP level 2. HP: 19/24 MP: 2/2
  1197 | D:1      | Reached XP level 3. HP: 29/29 MP: 3/3
  1634 | D:2      | Reached skill level 4 in Axes
  1720 | D:2      | Noticed an ogre
  1732 | D:2      | HP: 14/29 [poisoned by an adder]
  1735 | D:2      | HP: 6/29 [adder (4)]
  1739 | D:2      | HP: 2/29 [poisoned by an adder]
  1745 | D:2      | Succumbed to an adder's poison

Vanquished Creatures
  2 adders (D:2)
  2 dart slugs (D:1)
  2 leopard geckos (D:1)
  2 giant cockroaches (D:2)
  5 goblins
  5 hobgoblins (D:1)
  A ball python (D:1)
  4 bats (D:1)
  3 kobolds (D:1)
  5 rats
31 creatures vanquished.

Table legend:
 A = Turns spent in this place as a percentage of turns spent in the entire game.
 B = Non-inter-level travel turns spent in this place as a percentage of non-inter-level travel turns spent in the entire game.
 C = Inter-level travel turns spent in this place as a percentage of turns spent in this place.
 D = Turns resting spent in this place as a percentage of non-inter-level travel turns spent in this place.
 E = Turns spent auto-exploring this place as a percentage of non-inter-level travel turns spent in this place.
 F = Non-inter-level travel turns spent in this place divided by the number of levels of this place that you've seen.
                   A       B       C       D       E      F
               +-------+-------+-------+-------+-------+----------------------
         Total | 100.0 | 100.0 |   2.0 |  38.0 |  49.5 | 855.0
       Dungeon | 100.0 | 100.0 |   2.0 |  38.0 |  49.5 | 855.0
               +-------+-------+-------+-------+-------+----------------------
